 Dungeon Crawl Stone Soup version 0.30.1-9-gdf580d7c3d (webtiles) character file.

Game seed: 17959936286725734502

14 HagarQim the Stinger (level 2, -1/17 HPs)
             Began as an Octopode Venom Mage on Oct 2, 2023.
             Frozen to death by an endoplasm (3 damage)
             ... on level 1 of the Dungeon.
             The game lasted 00:01:40 (413 turns).

HagarQim the Stinger (Octopode Venom Mage)           Turns: 413, Time: 00:01:41

Health: -1/17      AC:  1    Str:  7    XL:     2   Next: 41%
Magic:  2/5        EV: 13    Int: 17    God:
Gold:   2          SH:  0    Dex: 12    Spells: 2/5 levels left

rFire   . . .        (no weapon)
rCold   . . .        (no shield)
rNeg    . . .        (helmet restricted)
rPois   .            (no amulet)
rElec   .            (no ring)
rCorr   .            (no ring)
SInv    .            (no ring)
Will    .....        (no ring)
Stlth   +++          (no ring)
HPRegen 0.22/turn    (no ring)
MPRegen 0.09/turn    (no ring)
                     (no ring)

%: no passive effects
@: no status effects
A: almost no armour, amphibious, 8 rings, camouflage 1, gelatinous body 1,
(nimble swimmer 1), tentacles
a: no special abilities


You were on level 1 of the Dungeon.
You visited 1 branch of the dungeon, and saw 1 of its levels.

You collected 2 gold pieces.

Inventory:

Scrolls
 f - a scroll of blinking {unknown}
 g - a scroll of poison {unknown}
 h - a scroll of brand weapon {unknown}
Potions
 a - a potion of magic
 d - a potion of heal wounds
 i - a potion of berserk rage {unknown}


   Skills:
 + Level 2.0 Dodging
 + Level 2.7 Stealth
 + Level 2.2 Spellcasting
 + Level 1.0 Transmutations
 + Level 4.2 Poison Magic


You had 2 spell levels left.
You knew the following spells:

 Your Spells              Type           Power      Damage    Failure   Level
a - Sting                 Tmut/Pois      40%        1d5       6%          1
b - Poisonous Vapours     Pois/Air       18%        N/A       12%         2

Your spell library contained the following spells:

 Spells                   Type           Power      Damage    Failure   Level
 Mephitic Cloud           Conj/Pois/Air  6%         N/A       32%         3
 Olgreb's Toxic Radiance  Pois           16%        N/A       32%         4
 Summon Lightning Spire   Summ/Air       1%         N/A       88%         4
 Storm Form               Tmut/Air       1%         N/A       100%        7
 Maxwell's Capacitive Co  Air            0%         ∞         100%        8


Dungeon Overview and Level Annotations

Branches:
Dungeon (1/15)

Altars:


Innate Abilities, Weirdness & Mutations

You cannot wear most types of armour.
You are amphibious.
You can wear up to eight rings at the same time.
Your skin changes colour to match your surroundings (Stealth+).
Your rubbery body absorbs attacks. (AC +1, EV +1)
((You are camouflaged when in or above water. (Stealth+)))
You have tentacles for arms and can constrict up to eight enemies at once.


Message History

The endoplasm is almost dead.
You kill the endoplasm!
You tentacle-slap the endoplasm but do no damage.
The endoplasm freezes you.
You are frozen.
Unknown command.
You aren't carrying any items that you can evoke.
Unknown command.
You tentacle-slap the endoplasm but do no damage.
The endoplasm freezes you.
You are frozen.
Your magical contamination has completely faded away.
You tentacle-slap the endoplasm but do no damage.
The endoplasm freezes you.
You are frozen.
You tentacle-slap the endoplasm.
The endoplasm is moderately wounded.
The endoplasm hits you.
* * * LOW HITPOINT WARNING * * *
The endoplasm attacks as you move away! The endoplasm hits you.
* * * LOW HITPOINT WARNING * * *
You see here a +0 sling.
The endoplasm attacks as you move away! The endoplasm misses you.
The endoplasm attacks as you move away! The endoplasm hits you.
* * * LOW HITPOINT WARNING * * *
As you read the scroll labelled ZAOKAOWARGHE, it crumbles to dust.
You hear a loud clanging noise!
It was a scroll of noise.
You hear a shout! x6; You hear an angry hiss. x2
The endoplasm completely misses you.
As you read the scroll labelled LIM KECEBU, it crumbles to dust.
It is a scroll of enchant armour.
You aren't carrying any armour which can be enchanted further.
The endoplasm barely misses you.
As you read the scroll labelled DUB NUCKOUFO, it crumbles to dust.
It is a scroll of identify.
d - a potion of heal wounds The endoplasm freezes you.
You are frozen.
You die...

... #.. #.############## ...
#.#...##.†...... #..
#.#.#.##.#### #..##
#.#.#.......# #....
#.#.####)##.#
##....##########.#.####.##.#
#.......†........#......##.#.
#...##..........@Jg...........
#.............############.#.#
#....########.# #.# #....# #.#
#.# #....### #.# .[. #....†.#
#.# #...##.######.#
#.............#
#....####.##### #.


You could see an endoplasm and a goblin.

Vanquished Creatures
  A dart slug (D:1)
  2 bats (D:1)
  3 endoplasms (D:1)
  A quokka (D:1)
  3 ball pythons (D:1)
  A rat (D:1)
11 creatures vanquished.

Notes
Turn   | Place    | Note
-------+----------+-------------------------------------------
     0 | D:1      | HagarQim the Octopode Venom Mage began the quest for the
                  | Orb.
     0 | D:1      | Reached XP level 1. HP: 11/11 MP: 3/3
   157 | D:1      | Reached skill level 4 in Poison Magic
   197 | D:1      | Reached XP level 2. HP: 17/17 MP: 0/5
   304 | D:1      | Learned a level 2 spell: Poisonous Vapours
   413 | D:1      | Frozen to death by an endoplasm

Illustrated notes

Levels and vault maps discovered:
D:1:      minmay_arrival_plants_in_alcoves, layout_basic

Skill      XL: |  1 |
---------------+----+-----
Poison Magic   | 4 |  4.2
Dodging        | |  2.0
Stealth        | |  2.7
Spellcasting   | |  2.2
Transmutations | |  1.0

Action                     || total
---------------------------++-------
  Melee: Unarmed           ||    14
         Tentacles         ||     2
         Constrict         ||     2
   Cast: Sting             ||    18
         Poisonous Vapours ||     3
    Use: Scroll            ||     3
  Dodge: Dodged            ||    11
